 Dungeon Crawl Stone Soup version 0.28-a0-657-g71136c5590 (webtiles) character file.

Game seed: 1191551635783541987

18747 mordus the Carver (level 12, -2/81 HPs)
             Began as a Formicid Fighter on Oct 13, 2021.
             Was a Priest of the Shining One.
             Killed by divine providence
             ... invoked by a meliai
              (10 damage)
             ... on level 12 of the Dungeon.
             The game lasted 00:41:25 (14699 turns).

mordus the Carver (Formicid Fighter)               Turns: 14699, Time: 00:41:26

Health: -2/81      AC: 15    Str: 25    XL:     12   Next: 99%
Magic:  16/16      EV:  8    Int:  9    God:    the Shining One [***...]
Gold:   528        SH: 23    Dex: 16    Spells: 11/11 levels left

rFire   . . .      SeeInvis +   H - +1 scimitar (flame)
rCold   . . .      Faith    .   y - +0 tower shield
rNeg    + . .      Spirit   .   u - +2 chain mail {Will+}
rPois   +          Reflect  +   (helmet unavailable)
rElec   .          Harm     .   (no cloak)
rCorr   .          Rampage  .   x - +2 pair of gloves
Will    ++...                   (no boots)
Stlth   ..........              r - amulet of reflection
HPRegen 0.23/turn               f - ring of poison resistance
MPRegen 0.15/turn               m - +6 ring of dexterity

@: glowing
A: permanent stasis, dig shafts and tunnels, antennae 3, four strong arms,
iridescent scales 1, deformed body
a: Dig, Shaft Self, Renounce Religion, Divine Shield


You were on level 12 of the Dungeon.
You worshipped the Shining One.
The Shining One was most pleased with you.
You visited 2 branches of the dungeon, and saw 13 of its levels.

You collected 720 gold pieces.
You spent 192 gold pieces at shops.

Inventory:

Hand Weapons
 a - a +1 long sword of freezing
 H - a +1 scimitar of flaming (weapon)
Armour
 o - a +2 scale mail of poison resistance
 u - a +2 chain mail of willpower (worn)
 x - a +2 pair of gloves (worn)
 y - a +0 tower shield (worn)
 L - the +1 leather armour of the Mango {Slay+3}
   (You found it on level 10 of the Dungeon)

   Slay:      It affects your accuracy & damage with ranged weapons and melee
   (+3).
Jewellery
 f - a ring of poison resistance (left hand)
 k - an amulet of the acrobat
 l - an amulet of magic regeneration
 m - a +6 ring of dexterity (right hand)
 r - an amulet of reflection (around neck)
 D - a ring of protection from fire
 F - a ring of positive energy
 N - a +6 ring of intelligence
 O - a ring of positive energy
Wands
 h - a wand of iceblast (9)
 s - a wand of digging (3)
 A - a wand of acid (7)
 E - a wand of flame (33)
 K - a wand of paralysis (6)
Scrolls
 b - a scroll of magic mapping
 i - 4 scrolls of identify
 t - 3 scrolls of immolation
 v - 3 scrolls of amnesia
 w - a scroll of holy word
 z - 2 scrolls of fear
 P - a scroll of enchant weapon
Potions
 c - a potion of magic
 d - a potion of might
 e - a potion of flight
 g - a potion of heal wounds
 j - a potion of resistance
 n - 3 potions of lignification
 q - 2 potions of attraction
 B - a potion of brilliance
 C - 5 potions of curing
Miscellaneous
 M - a piece from Xom's chessboard (15/15)


   Skills:
 - Level 3.2 Fighting
 * Level 14.2 Long Blades
 + Level 11.4 Armour
 + Level 12.4 Shields
 + Level 5.5 Invocations


You had 11 spell levels left.
You didn't know any spells.
Your spell library contained the following spells:

 Spells                   Type           Power      Damage    Failure   Level
 Freeze                   Ice            0%         1d3       97%         1
 Shock                    Conj/Air       0%         1d3       97%         1
 Ensorcelled Hibernation  Hex/Ice        0%         N/A       99%         2
 Frozen Ramparts          Ice            0%         1d2       100%        3
 Tukima's Dance           Hex            0%         N/A       100%        3
 Airstrike                Air            0%         N/A       100%        4
 Hailstorm                Conj/Ice       0%         3d3       100%        4
 Ice Form                 Ice/Tmut       0%         N/A       100%        4
 Leda's Liquefaction      Hex/Erth       0%         N/A       100%        4
 Summon Lightning Spire   Summ/Air       0%         N/A       100%        4
 Lee's Rapid Deconstruct  Erth           0%         3d5*      100%        5
 Lightning Bolt           Conj/Air       0%         1d11      100%        5
 Simulacrum               Ice/Necr       0%         N/A       100%        6
 Statue Form              Tmut/Erth      0%         N/A       100%        6
 Swiftness                Air            Unusable   N/A       N/A         3

Dungeon Overview and Level Annotations

Branches:
Dungeon (12/15)            Temple (1/1) D:6            Lair (0/6) D:10
    Orc (0/2) D:10

Altars:
Ashenzari
Cheibriados
Dithmenos
Elyvilon
Fedhas
Gozag
Hepliaklqana
Kikubaaqudgha
Makhleb
Nemelex Xobeh
Okawaru
Qazlal
Ru
Sif Muna
Trog
Uskayaw
Vehumet
Wu Jian
Xom
Yredelemnul
Zin
The Shining One
Jiyva

Shops:
D:4 (   D:6 [   D:12 =

Annotations:
D:10 2 transporters, exclusion: ice statue, KoroneIsBestGirl's ghost, journeyman BaBe


Innate Abilities, Weirdness & Mutations

You cannot be hasted, slowed, berserked, paralysed or teleported.
You can dig through walls and to a lower floor.
You have a pair of large antennae on your head. (SInv)
Your four strong arms can wield two-handed weapons with a shield.
You are partially covered in iridescent scales. (AC +2)
Armour fits poorly on your strangely shaped body.


Message History

Moving in this stuff is going to be slow.
The electric eel shoots out a bolt of lightning at you!
The bolt of electricity hits you!
The electric eel shoots out a bolt of lightning at you!
The bolt of electricity hits you.
You hear an angry buzzing noise.
You see here an electric eel corpse.
You hear an angry buzzing noise. 2 meliai come into view.
The meliai buzzes angrily. x2; You hear a roar!
You barely miss the electric eel.
An eight-headed hydra comes into view.
You hit the electric eel. You burn the electric eel.
The electric eel is moderately wounded.
The meliai calls down the wrath of its god upon you.
Something smites you!
A meliai comes into view. It is wielding a +0 hand axe.
You barely miss the electric eel.
The electric eel is moderately wounded.
The electric eel shoots out a bolt of lightning at you!
The bolt of electricity hits you!
You slash the electric eel! You burn the electric eel.
You kill the electric eel!
You hear a splash.
The meliai calls down the wrath of its god upon you.
Something smites you!
* * * LOW HITPOINT WARNING * * *
The meliai calls down the wrath of its god upon you.
Something smites you!
* * * LOW HITPOINT WARNING * * *
Your chain mail prevents you from hitting the meliai.
You block the meliai's attack. x3; The meliai barely misses you.
You slash the meliai! You burn the meliai.
The meliai is severely wounded.
You block the meliai's attack. x3; The meliai closely misses you.
You barely miss the meliai.
The meliai is severely wounded.
The meliai calls down the wrath of its god upon you.
Something smites you!
You die...

♣♣..♣ ♣P.≈♣
######## ♣♣≈P♣
#......♣♣♣♣♣♣≈♣♣ {
#......♣♣P.♣.≈≈♣≈♣
#.......≈.≈≈.≈≈.≈≈
+......≈≈♣P♣≈≈≈P♣≈
#.>....♣♣♣♣♣≈≈♣♣♣
##@.........♣≈≈♣
♣y♣#'######♣♣≈≈P {
♣D♣♣♣# ♣♣≈♣♣
≈≈≈≈≈≈≈yy≈♣ ♣.≈
≈≈≈≈♣≈≈≈≈≈♣ .# ≈≈
≈≈≈≈≈≈≈≈≈
≈≈≈≈≈≈P♣≈≈♣
≈≈≈≈≈≈≈≈≈≈≈≈♣
≈≈≈≈≈≈≈≈≈≈ ≈♣


You could see an eight-headed hydra and 2 meliai.

Vanquished Creatures
  Fannar (D:10)
  A boulder beetle (D:12)
  4 hydras (D:12)
  Erica (D:8)
  A centaur warrior (D:12)
  A two-headed ogre (D:12)
  Urug (D:12)
  A manticore (D:12)
  2 ugly things (D:12)
  A salamander (shapeshifter) (D:10)
  2 cyclopes
  A gargoyle (D:12)
  An unseen horror (D:11)
  A tengu conjurer (D:10)
  A troll (D:9)
  2 hornets
  Prince Ribbit (D:8)
  2 shadows
  2 water elementals (D:12)
  2 humans (D:10)
  8 yaks
  2 wyverns
  Eustachio (D:9)
  A basilisk (D:10)
  2 steam dragons (D:8)
  3 acid dragons
  A water moccasin (D:7)
  7 sky beasts
  5 orc warriors
  2 ice beasts
  A black bear (D:6)
  3 ogres
  4 centaurs
  2 bullfrogs
  A kobold brigand (D:6)
  5 scorpions
  A gnoll sergeant (D:10)
  6 killer bees
  3 wights
  3 electric eels (D:12)
  A howler monkey (D:10)
  8 centaur zombies
  A hound (D:5)
  5 orc priests
  A gnoll shaman (D:8)
  A centaur skeleton (D:8)
  2 jellies
  A bullfrog skeleton (D:5)
  4 iguanas
  Ijyb (D:5)
  9 orc wizards
  A killer bee zombie (D:7)
  A howler monkey skeleton (D:5)
  6 adders
  7 gnolls
  A shadow imp (D:7)
  3 white imps
  4 worms
  4 dart slugs
  39 orcs
  8 bats
  6 endoplasms
  9 giant cockroaches
  10 goblins
  5 hobgoblins
  8 jackals
  10 kobolds
  3 quokkas
  11 ball pythons
  7 frilled lizards
  5 rats
272 creatures vanquished.

Vanquished Creatures (others)
  A deep elf pyromancer (D:12)
  An orc (D:4)
  A butterfly (D:10)
  80 plants (D:12)
  7 toadstools (D:1)
90 creatures vanquished.

Grand Total: 362 creatures vanquished

Notes
Turn   | Place    | Note
-------+----------+-------------------------------------------
     0 | D:1      | mordus the Formicid Fighter began the quest for the Orb.
     0 | D:1      | Reached XP level 1. HP: 18/18 MP: 1/1
   255 | D:1      | Reached XP level 2. HP: 20/24 MP: 2/2
   475 | D:1      | Found a faded altar of an unknown god.
   621 | D:1      | Reached XP level 3. HP: 26/29 MP: 3/3
  1464 | D:2      | Found a shadowy altar of Dithmenos.
  1486 | D:2      | Reached skill level 3 in Long Blades
  1498 | D:2      | Reached XP level 4. HP: 9/35 MP: 4/4
  2233 | D:2      | Reached XP level 5. HP: 40/41 MP: 5/5
  3015 | D:3      | Reached skill level 4 in Long Blades
  3732 | D:4      | Reached skill level 5 in Shields
  3732 | D:4      | Reached XP level 6. HP: 19/47 MP: 6/6
  4263 | D:4      | Found Utse's Antique Weapon Shoppe.
  4368 | D:4      | Found a shadowy altar of Dithmenos.
  4854 | D:5      | Entered Level 5 of the Dungeon
  4891 | D:5      | Found a stormy altar of Qazlal.
  4954 | D:5      | Reached skill level 5 in Long Blades
  4961 | D:5      | Reached XP level 7. HP: 33/52 MP: 7/7
  5190 | D:5      | Reached skill level 5 in Armour
  5512 | D:5      | Noticed Ijyb
  5528 | D:5      | Killed Ijyb
  5826 | D:6      | Reached skill level 6 in Long Blades
  5826 | D:6      | Reached XP level 8. HP: 51/58 MP: 8/8
  5826 | D:6      | Found Zehir's Armour Boutique.
  5833 | D:6      | Bought a +1 pair of gloves for 138 gold pieces
  5833 | D:6      | Bought a +0 tower shield for 54 gold pieces
  5867 | D:6      | Found a staircase to the Ecumenical Temple.
  5891 | Temple   | Entered the Ecumenical Temple
  5953 | Temple   | Became a worshipper of the Shining One
  6016 | D:6      | Noticed Eustachio
  6219 | D:6      | Reached skill level 7 in Long Blades
  6231 | D:6      | Found an opulent altar of Gozag.
  6727 | D:6      | Reached XP level 9. HP: 60/64 MP: 9/9
  7015 | D:7      | Reached skill level 8 in Long Blades
  7172 | D:7      | Reached * piety under the Shining One
  7257 | D:7      | Found a sparkling altar of Nemelex Xobeh.
  7290 | D:7      | Found a hide-covered altar of Uskayaw.
  7510 | D:7      | Found a radiant altar of Vehumet.
  8183 | D:8      | Found a flagged portal.
  8209 | D:8      | Reached skill level 9 in Long Blades
  8448 | D:7      | Reached XP level 10. HP: 38/70 MP: 10/10
  8645 | D:8      | Noticed Prince Ribbit
  8657 | D:8      | Killed Prince Ribbit
  8823 | D:8      | Reached skill level 10 in Long Blades
  8990 | D:8      | Noticed Erica
  9021 | D:8      | Killed Erica
  9387 | D:8      | Found a burning altar of Makhleb.
  9780 | D:9      | Killed Eustachio
  9781 | D:9      | Reached skill level 11 in Long Blades
  9840 | D:8      | Reached skill level 10 in Shields
 10046 | D:9      | Reached ** piety under the Shining One
 10076 | D:9      | Reached XP level 11. HP: 75/75 MP: 11/11
 10158 | D:9      | Found a shimmering blue altar of Sif Muna.
 10660 | D:10     | Entered Level 10 of the Dungeon
 10689 | D:10     | Found a staircase to the Orcish Mines.
 10722 | D:10     | Found a staircase to the Lair.
 10795 | D:10     | Identified the +1 leather armour of the Mango {Slay+3}
 10892 | D:10     | Noticed KoroneIsBestGirl's ghost (journeyman BaBe)
 10893 | D:10     | Noticed a cyclops
 10942 | D:10     | Found a transporter.
 10945 | D:10     | Found a transporter.
 10963 | D:10     | Noticed Fannar
 10980 | D:10     | Killed Fannar
 10981 | D:10     | Reached skill level 12 in Long Blades
 11169 | D:10     | Found a shimmering altar of Xom.
 11209 | D:10     | Reached *** piety under the Shining One
 11231 | D:10     | Noticed a cyclops
 11239 | D:10     | Reached skill level 10 in Armour
 11256 | D:10     | Killed a cyclops
 11257 | D:10     | Noticed a salamander
 11274 | D:10     | Killed a salamander
 11973 | D:10     | Found an iron altar of Okawaru.
 11989 | D:10     | Reached skill level 1 in Invocations
 12007 | D:10     | Found a hazy altar of Hepliaklqana.
 13021 | D:11     | Gained mutation: Armour fits poorly on your strangely
                  | shaped body. [potion of mutation]
 13021 | D:11     | Gained mutation: You are partially covered in iridescent
                  | scales. (AC +2) [potion of mutation]
 13108 | D:11     | Noticed a cyclops
 13119 | D:11     | Killed a cyclops
 13120 | D:11     | Reached skill level 13 in Long Blades
 13120 | D:11     | Reached XP level 12. HP: 78/81 MP: 13/13
 13459 | D:12     | Found Nuawazua's Jewellery Boutique.
 13476 | D:12     | Noticed a two-headed ogre
 13476 | D:12     | Noticed a six-headed hydra
 13476 | D:12     | Noticed an eight-headed hydra
 13486 | D:12     | Killed a two-headed ogre
 13489 | D:12     | Killed a three-headed hydra
 13493 | D:12     | Killed a four-headed hydra
 13496 | D:12     | Noticed a seven-headed hydra
 13511 | D:12     | Killed a four-headed hydra
 13613 | D:12     | Noticed a boulder beetle
 13779 | D:12     | Noticed a centaur warrior
 13786 | D:12     | Killed a centaur warrior
 13951 | D:12     | Noticed Urug
 13968 | D:12     | Killed Urug
 14151 | D:12     | Noticed a seven-headed hydra
 14158 | D:12     | Killed a two-headed hydra
 14159 | D:12     | Reached skill level 5 in Invocations
 14189 | D:12     | Reached skill level 14 in Long Blades
 14484 | D:12     | Killed a boulder beetle
 14693 | D:12     | Noticed an eight-headed hydra
 14699 | D:12     | Killed from afar by a meliai

Illustrated notes

Levels and vault maps discovered:
D:1:      nagdon_arrival_double_spiral, layout_loops_corners,
          hellmonk_ecumenical_altar_inner_sanctum,
          ebering_dispersal_statue_hall, hangedman_decor_points,
          minmay_box_of_dots
D:2:      layout_rooms, basic_altar, minmay_misc_feat_columns,
          minmay_quadrilaterals
D:3:      layout_loops_corners
D:4:      layout_basic, nicolae_dithmenos_shadow_blocks,
          lightli_ossuary_entry_decrepit_ruins, serial_shops,
          nicolae_shop_trees, lemuel_another_geyser
D:5:      layout_loops_cross, grunt_qazlal_clouds, minmay_misc_feat_pillars,
          minivault_14, uniq_ijyb
D:6:      layout_loops_ring, nicolae_gozag_seed_capital,
          minmay_temple_entry_glassed_door, serial_shops, nicolae_shop_crystal,
          minmay_holes, uniq_eustachio
D:7:      layout_loops_ring, lemuel_doored_altar,
          mainiacjoe_overflow_concentric_impassable, nemelex_spade_bored_becter,
          minmay_between
D:8:      layout_gridville, kennysheep_little_box, enter_bailey_6,
          hangedman_misty_isle, uniq_prince_ribbit1, uniq_erica
D:9:      layout_gridville, led_sif_pool, kennysheep_generic_room_6
D:10:     layout_long_grid, xom_butterflies, worldfamousw_hep_ancestral_shrine,
          okawaru_humans, orc_0_dummy, nzn_ghost_randoct,
          minmay_misc_feat_more_columns, hangedman_abyss_or_decor_passed,
          minmay_pinched_square, uniq_fannar
D:11:     layout_basic
D:12:     layout_roguey, serial_bayou, serial_bayou_crossing,
          serial_bayou_ford_a, serial_bayou_pond_a, serial_bayou_lagoon_a,
          serial_bayou_lake_a, serial_shops, nicolae_shop_crystal, minmay_bent,
          uniq_urug
Temple:   pf_slimified_temple

Skill      XL: |  1  2  3  4  5  6  7  8  9 10 11 12 |
---------------+-------------------------------------+-----
Shields        | 4 5 6 7 8 10 11 12 | 12.4
Long Blades    | 3 4 5 6 7 9 11 13 14 | 14.2
Armour         | 4 5 6 7 9 10 11 | 11.4
Invocations    | 2 5 |  5.5
Fighting       | |  3.2

Action                   |  1- 3 |  4- 6 |  7- 9 | 10-12 || total
-------------------------+-------+-------+-------+-------++-------
Melee: Long sword        |    97 |   289 |   320 |    36 ||   742
       Scimitar          |       |       |       |   406 ||   406
 Abil: Dig               |       |     2 |       |       ||     2
  Use: Scroll            |       |    11 |       |     6 ||    17
       Potion            |       |       |       |     6 ||     6
Armor: Scale mail        |    56 |    79 |       |       ||   135
       Chain mail        |       |    20 |   137 |   136 ||   293
       Plate armour      |       |    14 |       |       ||    14
Dodge: Dodged            |    67 |   104 |    59 |    72 ||   302
Block: Buckler           |    25 |    97 |    24 |       ||   146
       Reflection        |       |     2 |     3 |    23 ||    28
       Tower shield      |       |       |   324 |   518 ||   842

Table legend: (Time is in decaauts)
 A = Elapsed time spent in this place.
 B = Non-inter-level travel time spent in this place.
 C = Inter-level travel time spent in this place.
 D = Time resting spent in this place.
 E = Time spent auto-exploring this place.
 F = Levels seen in this place.
 G = Mean time per level.
                   A        B        C        D        E       F      G
               +--------+--------+--------+--------+--------+-----+--------+
         Total |  14845 |  14474 |    371 |   2919 |   8273 |  13 | 1141.9 |
       Dungeon |  14769 |  14398 |    371 |   2919 |   8260 |  12 | 1230.8 |
        Temple |     75 |     75 |      0 |      0 |     13 |   1 |   75.0 |
               +--------+--------+--------+--------+--------+-----+--------+

Top non-repeatable levels by time:
     D:1: 1715 daAuts
     D:7: 1565 daAuts
     D:8: 1519 daAuts
    D:10: 1354 daAuts
    D:11: 1267 daAuts
     D:4: 1225 daAuts
     D:9: 1169 daAuts
     D:3: 1101 daAuts
    D:12: 1008 daAuts
     D:6: 993 daAuts
     D:5: 956 daAuts
     D:2: 891 daAuts
  Temple: 75 daAuts
